 Dungeon Crawl Stone Soup version 0.23-a0-396-g5214e5f (webtiles) character file.

38 iamserjio the Ducker (level 3, 0/24 HPs)
             Began as an Octopode Wanderer on Nov 2, 2018.
             Slain by a goblin (3 damage)
             ... on level 2 of the Dungeon.
             The game lasted 00:02:14 (610 turns).

iamserjio the Ducker (Octopode Wanderer)             Turns: 610, Time: 00:02:15

Health: 0/24       AC:  1    Str: 12    XL:     3   Next: 43%
Magic:  3/3        EV: 14    Int: 20    God:
Gold:   86         SH:  0    Dex: 10    Spells: 2/2 levels left

rFire    . . .     SeeInvis .   (no weapon)
rCold    . . .     Gourm    .   (no shield)
rNeg     . . .     Faith    .   (helmet restricted)
rPois    .         Spirit   .   (no amulet)
rElec    .         Reflect  .   (no ring)
rCorr    .         Harm     .   (no ring)
MR       .....                  (no ring)
Stlth    +++.......             (no ring)
HPRegen  0.08/turn              (no ring)
MPRegen  0.08/turn              (no ring)
                                (no ring)
                                (no ring)

@: brilliant
A: almost no armour, stealthy swim, amphibious, 8 rings, constrict 8, camouflage
1, gelatinous body 1
a: no special abilities


You were on level 2 of the Dungeon.
You were not hungry.

You visited 1 branch of the dungeon, and saw 2 of its levels.

You collected 86 gold pieces.

Inventory:

Hand Weapons
 c - a +0 hand crossbow
Missiles
 d - 28 bolts
 i - 63 stones (quivered)
 j - 17 sling bullets
 k - 15 poisoned needles
Armour
 a - a +0 shield
Jewellery
 e - an uncursed ring of resist corrosion {unknown}
Scrolls
 g - a scroll of identify {unknown}
Comestibles
 f - 2 rations
 l - 8 chunks of flesh


   Skills:
 - Level 2.0 Fighting
   Level 2.0 Polearms
 - Level 3.0 Crossbows
 * Level 3.2 Dodging
 - Level 1.3 Stealth
 - Level 1.0 Shields


You had 2 spell levels left.
You didn't know any spells.
Your spell library was empty.

Dungeon Overview and Level Annotations

Branches:
Dungeon (2/15)

Altars:


Innate Abilities, Weirdness & Mutations

You cannot wear most types of armour.
You are very stealthy in the water. (Stealth+)
You are amphibious.
You can wear up to eight rings at the same time.
You can use your tentacles to constrict eight enemies at once.
Your skin changes colour to match your surroundings (Stealth+).
Your rubbery body absorbs attacks. (AC +1, EV +1)


Message History

Unknown command.
You barely miss the adder. Your grab misses the adder.
The adder closely misses you. The adder bites you.
You miss the adder. Your grab misses the adder. The adder closely misses you.
You closely miss the adder. Your grab misses the adder.
Your squeeze misses the adder. The adder misses you.
You tentacle-slap the adder. Your grab misses the adder.
Your squeeze misses the adder. The adder closely misses you. x2
You barely miss the adder. Your grab misses the adder.
Your squeeze misses the adder. The adder bites you.
You barely miss the adder. You grab the adder. You squeeze the adder.
You kill the adder!
The goblin shoots a stone.
The stone hits you.
* * * LOW HITPOINT WARNING * * *
The goblin unwields a +0 hunting sling.
The goblin hits you.
* * * LOW HITPOINT WARNING * * *
Things that are here:
a bolt; 2 stones; an adder corpse You barely miss the goblin.
Your grab misses the goblin. The goblin hits you.
You die...

## .. $# .( #########
.# .....>..# .#
######.###(###.##
##.....÷.(@g....(.
......#.###.###.##
####.##.#.# .#
...<..#.#.# ..
#.###...#.#.#########
#.#<..>..............
#.#.#...#.###########
#..÷....#.#
##...##.#'#######


You could see a goblin.

Vanquished Creatures
  An adder (D:2)
  An ooze (D:2)
  2 dart slugs (D:1)
  3 giant cockroaches
  4 goblins
  2 hobgoblins
  2 jackals (D:1)
  2 frilled lizards (D:1)
  3 rats (D:1)
20 creatures vanquished.

Notes
Turn   | Place    | Note
-------+----------+-------------------------------------------
     0 | D:1      | iamserjio the Octopode Wanderer began the quest for the
                  | Orb.
     0 | D:1      | iamserjio set off with the following items: a +0 shield, a
                  | potion of curing {@q1}, a +0 hand crossbow, 23 bolts, a
                  | ration
     0 | D:1      | Reached XP level 1. HP: 14/14 MP: 1/1
   143 | D:1      | Reached XP level 2. HP: 19/19 MP: 2/2
   572 | D:2      | Reached XP level 3. HP: 24/24 MP: 3/3
   610 | D:2      | Slain by a goblin

Vault maps used:
D:1:      eino_arrival_cavern_a
D:2:      doesnt_xom_only_xom, uniq_sigmund, uniq_robin, uniq_jessica

Skill      XL: |  1  2 |
---------------+-------+-----
Dodging        | 2 3 |  3.2
Fighting       | |  2.0
Polearms       | |  2.0
Crossbows      | |  3.0
Stealth        | |  1.3
Shields        | |  1.0

Action                   || total
-------------------------++-------
Melee: Unarmed           ||     7
       Constrict         ||     1
       Tentacles         ||     1
 Fire: Hand crossbow     ||    49
  Use: Potion            ||     2
Dodge: Dodged            ||    12

Table legend:
 A = Non-vault XP
 B = Vault XP
 C = Vault XP percentage of total XP
 D = Non-vault monster count
 E = Vault monster count
 F = Vault count percentage of total count
                 A         B        C        D         E       F
            +---------+---------+-------+---------+---------+-------
      Total |      55 |       0 |   0.0 |      20 |       0 |   0.0
            +---------+---------+-------+---------+---------+-------
        D:1 |      27 |       0 |   0.0 |      14 |       0 |   0.0
        D:2 |      28 |       0 |   0.0 |       6 |       0 |   0.0
            +---------+---------+-------+---------+---------+-------
